 Dungeon Crawl Stone Soup version 0.23.2-1-ga50397a (webtiles) character file.

Game seed: 10802676124224802096

7581 goulibeur the Fighter (level 10, -21/142 HPs)
             Began as a Yellow Draconian Berserker on May 19, 2019.
             Was a High Priest of Trog.
             Demolished by an orc warrior
             ... wielding a +0 trident
              (29 damage)
             ... on level 10 of the Dungeon.
             The game lasted 00:44:28 (10783 turns).

goulibeur the Fighter (Yellow Draconian Berserker) Turns: 10783, Time: 00:44:29

Health: -21/142    AC: 10    Str: 24    XL:     10   Next: 97%
Magic:  16/16      EV: 16    Int:  9    God:    Trog [*****.]
Gold:   442        SH:  0    Dex: 13    Spells: 9/9 levels left

rFire    . . .     SeeInvis .   f - +0 great sword
rCold    . . .     Gourm    .   (shield currently unavailable)
rNeg     + . .     Faith    .   (armour unavailable)
rPois    +         Spirit   .   (helmet restricted)
rElec    .         Reflect  .   e - +2 cloak
rCorr    +         Harm     .   (no gloves)
MR       ++...                  (no boots)
Stlth    ..........             (no amulet)
HPRegen  1.33/turn              w - ring of poison resistance
MPRegen  0.15/turn              D - ring of positive energy

@: berserking (expiring), starving, regenerating, very quick
A: spit acid, unfitting armour, cold-blooded, acid resistance, AC +7
a: Breathe Acid, Berserk, Trog's Hand, Brothers in Arms, Renounce Religion


You were on level 10 of the Dungeon.
You worshipped Trog.
Trog was extremely pleased with you.
You were starving.

You visited 1 branch of the dungeon, and saw 10 of its levels.

You collected 442 gold pieces.

Inventory:

Hand Weapons
 a - a +0 falchion
 f - a +0 great sword (weapon)
 t - a cursed -3 whip
Armour
 e - a +2 cloak (worn)
 m - a +2 cloak
 J - a +0 cloak of poison resistance
Jewellery
 o - an uncursed amulet of faith
 p - a +2 ring of intelligence
 w - a ring of poison resistance (left hand)
 D - a ring of positive energy (right hand)
Wands
 u - a wand of flame (12)
 v - a wand of iceblast (17)
 x - a wand of paralysis (8)
 I - a wand of acid (10)
Scrolls
 c - 2 scrolls of blinking
 i - 4 scrolls of remove curse
 r - 6 scrolls of teleportation {unknown}
 y - 2 scrolls of magic mapping {unknown}
 z - a scroll of fog {unknown}
 C - a scroll of enchant weapon {unknown}
 F - 3 scrolls of amnesia {unknown}
 H - a scroll of immolation {unknown}
 K - 2 scrolls of identify
Potions
 d - 5 potions of curing {unknown}
 g - 2 potions of agility
 h - 2 potions of degeneration
 j - 3 potions of flight
 k - 2 potions of might
 l - a potion of ambrosia {unknown}
 n - 2 potions of mutation {unknown}
 q - a potion of resistance {unknown}
 s - a potion of lignification {unknown}
 A - a potion of heal wounds {unknown}
 B - a potion of brilliance {unknown}
 E - a potion of haste {unknown}
 L - a potion of invisibility {unknown}
Comestibles
 b - 21 rations
 G - 3 chunks of flesh


   Skills:
 * Level 11.1 Fighting
 + Level 8.2 Long Blades
 + Level 7.5 Dodging
 * Level 8.6 Evocations


You had 9 spell levels left.
You didn't know any spells.
Your spell library contained the following spells:

 Spells                   Type           Power        Failure   Level  Hunger
 Beastly Appendage        Tmut           #.....       38%         1    ##.....
 Sticks to Snakes         Tmut           #.......     52%         2    ###....
 Spider Form              Tmut/Pois      #.........   77%         3    ####...
 Ice Form                 Ice/Tmut       #.......     99%         4    #####..
 Blade Hands              Tmut           #.........   100%        5    ######.


Dungeon Overview and Level Annotations

Branches:
Dungeon (10/15)            Temple (0/1) D:4
   Lair: D:8-11         Orc: D:9-12

Altars:
Ashenzari
Cheibriados
Dithmenos
Fedhas
Gozag
Hepliaklqana
Nemelex Xobeh
Qazlal
Ru
Sif Muna
Yredelemnul
The Shining One
Beogh

Annotations:
D:6 1 runed translucent door, Crazy Yiuf
D:8 Blork the orc


Innate Abilities, Weirdness & Mutations

You can spit globs of acid.
Your golden yellow scales are hard. (AC +7)
You cannot fit into any form of body armour.
You are cold-blooded and may be slowed by cold attacks.
You are resistant to acid. (rCorr)


Message History

You closely miss the orc knight.
The orc knight is moderately wounded.
The orc knight hits you with a +3 great mace!!
The orc warrior misses you.
You closely miss the orc knight.
The orc knight is moderately wounded.
The orc priest calls upon Beogh to heal the orc knight.
The orc knight is healed somewhat.
The orc warrior hits you from afar with a +0 trident!
* * * LOW HITPOINT WARNING * * *
You slash the orc knight! You tail-slap the orc knight.
The orc knight is heavily wounded.
The orc knight hits you with a +3 great mace!!
* * * LOW HITPOINT WARNING * * *
The orc priest miscasts a cantrip.
You slash the orc knight!
The orc knight is severely wounded.
A killer bee zombie comes into view.
The orc warrior hits you from afar with a +0 trident!!
You die...

......zoo.<.#
.#####o##..##
#. #..# #.
#..# #. #..#
#. ...# ##
#..#
#.########OZ#
#......<@ooo#
##########o##
.# .# [# .#
.# .#


You could see an orc knight, an orc warrior, an ogre, an orc priest, an orc and
a killer bee zombie.

Vanquished Creatures
  2 two-headed ogres (D:9)
  Maurice (D:8)
  A hippogriff (D:8)
  A spriggan (D:7)
  A vampire (D:9)
  5 yaks (D:7)
  A hungry ghost (D:6)
  2 ice beasts
  4 sky beasts
  3 orc warriors
  2 phantoms
  A necrophage (D:7)
  5 ogres
  5 centaurs
  A big kobold (D:7)
  5 bullfrogs
  A water moccasin zombie (D:7)
  3 scorpions
  3 killer bees (D:10)
  3 wights (D:6)
  2 howler monkeys (D:8)
  4 crimson imps
  A centaur zombie (D:5)
  A bullfrog skeleton (D:8)
  2 hounds
  3 jellies
  6 orc priests
  Natasha (thrice) (D:3)
  5 iguanas
  13 orc wizards
  12 worker ants
  2 hound skeletons
  3 worker ant zombies
  10 gnolls
  12 adders
  A shadow imp (D:7)
  An ooze (D:6)
  3 adder zombies
  2 adder skeletons (D:6)
  A worm (D:3)
  3 dart slugs
  3 leopard geckos
  45 orcs
  4 ball pythons
  4 giant cockroaches
  6 goblins
  6 hobgoblins
  6 jackals
  6 quokkas
  A ball python zombie (D:6)
  6 bats
  6 frilled lizards
  10 kobolds
  A leopard gecko skeleton (D:9)
  A quokka skeleton (D:9)
  7 rats
252 creatures vanquished.

Vanquished Creatures (others)
  A fungus (D:6)
1 creature vanquished.

Grand Total: 253 creatures vanquished

Notes
Turn   | Place    | Note
-------+----------+-------------------------------------------
     0 | D:1      | goulibeur the Draconian Berserker began the quest for the
                  | Orb.
     0 | D:1      | Reached XP level 1. HP: 19/19 MP: 1/1
   129 | D:1      | Reached XP level 2. HP: 24/26 MP: 2/2
   432 | D:1      | You fall through a shaft!
   473 | D:2      | Reached XP level 3. HP: 33/33 MP: 3/3
   482 | D:2      | Reached skill level 4 in Fighting
   800 | D:2      | Reached ** piety under Trog
   843 | D:2      | Reached XP level 4. HP: 35/40 MP: 4/4
  1035 | D:2      | Found an opulent altar of Gozag.
  1037 | D:2      | Found a shadowy altar of Dithmenos.
  1189 | D:2      | Found a blossoming altar of Fedhas.
  1772 | D:3      | Found a glowing golden altar of the Shining One.
  1843 | D:3      | Noticed Natasha
  1860 | D:3      | Killed Natasha
  1860 | D:3      | Reached XP level 5. HP: 43/47 MP: 5/5
  2505 | D:3      | Found a sacrificial altar of Ru.
  2536 | D:3      | Noticed Natasha
  2543 | D:3      | Killed Natasha
  2648 | D:3      | Reached skill level 5 in Fighting
  2650 | D:3      | Reached XP level 6. HP: 43/56 MP: 6/6
  2833 | D:3      | Found a stormy altar of Qazlal.
  2944 | D:3      | Noticed Natasha
  2949 | D:3      | Killed Natasha
  2973 | D:3      | Reached *** piety under Trog
  3097 | D:4      | Found a staircase to the Ecumenical Temple.
  3362 | D:4      | Noticed an ice beast
  3371 | D:4      | Reached skill level 5 in Long Blades
  3380 | D:4      | Killed an ice beast
  3380 | D:4      | Your scales start taking on a golden yellow colour.
  3380 | D:4      | Reached XP level 7. HP: 47/62 MP: 7/7
  3380 | D:4      | Gained mutation: You are resistant to acid. (rCorr) [Yellow
                  | Draconian growth]
  3643 | D:4      | Found a sparkling altar of Nemelex Xobeh.
  3860 | D:5      | Entered Level 5 of the Dungeon
  3901 | D:5      | Reached skill level 6 in Fighting
  3901 | D:5      | Reached skill level 5 in Dodging
  3998 | D:5      | Reached skill level 1 in Evocations
  4497 | D:6      | Reached XP level 8. HP: 48/71 MP: 9/9
  4554 | D:6      | Reached skill level 7 in Fighting
  4924 | D:6      | Found a basalt altar of Yredelemnul.
  4979 | D:6      | Reached **** piety under Trog
  5535 | D:6      | Found an opulent altar of Gozag.
  5776 | D:6      | Reached skill level 8 in Fighting
  5994 | D:6      | Found a runed translucent door.
  5995 | D:6      | Noticed Crazy Yiuf
  6060 | D:6      | Found a snail-covered altar of Cheibriados.
  6157 | D:6      | Reached XP level 9. HP: 45/81 MP: 12/12
  6348 | D:6      | Reached skill level 5 in Evocations
  7179 | D:7      | Found a shattered altar of Ashenzari.
  7204 | D:7      | Reached skill level 9 in Fighting
  7964 | D:8      | Noticed Blork the orc
  7988 | D:8      | Reached XP level 10. HP: 41/92 MP: 15/15
  8425 | D:8      | Found a hazy altar of Hepliaklqana.
  8464 | D:8      | Reached skill level 10 in Fighting
  8680 | D:8      | Noticed Maurice
  8701 | D:8      | Killed Maurice
  8767 | D:8      | Reached ***** piety under Trog
  9470 | D:8      | Found a deep blue altar of Sif Muna.
 10113 | D:9      | Noticed a two-headed ogre
 10120 | D:9      | Killed a two-headed ogre
 10276 | D:9      | Noticed a two-headed ogre
 10306 | D:9      | Killed a two-headed ogre
 10306 | D:9      | Reached skill level 11 in Fighting
 10665 | D:10     | Entered Level 10 of the Dungeon
 10668 | D:10     | Found a roughly hewn altar of Beogh.
 10773 | D:10     | Noticed an orc knight
 10782 | D:10     | HP: 7/142 [orc knight/+3 great mace (23)]
 10783 | D:10     | Demolished by an orc warrior

Skill      XL: |  1  2  3  4  5  6  7  8  9 10 |
---------------+-------------------------------+-----
Dodging        | 3 4 5 6 7 |  7.5
Fighting       | 4 5 6 8 9 11 | 11.1
Long Blades    | 4 5 6 7 8 |  8.2
Evocations     | 2 4 6 8 |  8.6

Action                   |  1- 3 |  4- 6 |  7- 9 | 10-12 || total
-------------------------+-------+-------+-------+-------++-------
Melee: Falchion          |    63 |   189 |       |       ||   252
       Tailslap          |     8 |    23 |    58 |    42 ||   131
       Great sword       |       |    18 |   365 |   197 ||   580
Invok: Berserk           |       |       |     5 |     5 ||    10
       Trog's Hand       |       |       |     1 |     4 ||     5
 Abil: Breathe Acid      |       |       |     1 |       ||     1
  Use: Scroll            |       |     5 |     4 |       ||     9
 Stab: Sleeping          |       |     2 |     3 |       ||     5
  Eat: Chunk             |       |     8 |    18 |    13 ||    39
       Ration            |       |       |     1 |       ||     1
Armor: Skin              |    17 |    72 |   149 |    53 ||   291
Dodge: Dodged            |    46 |   143 |   315 |   163 ||   667
       Rpst.: Falchion   |    15 |    44 |       |       ||    59
       Great sword       |       |     3 |    95 |    37 ||   135
